 Dungeon Crawl Stone Soup version 0.17-a0-2147-gfb20a63 (webtiles) character file.

539 tp1 the Thaumaturge (level 7, -2/36 HPs)
             Began as a Deep Elf Conjurer on Oct 24, 2015.
             Was an Initiate of Vehumet.
             Slain by an iguana (5 damage)
             ... on level 4 of the Dungeon.
             The game lasted 00:22:40 (3361 turns).

tp1 the Thaumaturge (Deep Elf Conjurer)             Turns: 3361, Time: 00:22:40

Health: -2/36      AC:  2    Str:  5    XL:     7   Next: 5%
Magic:  0/20       EV: 15    Int: 22    God:    Vehumet [......]
Gold:   190        SH:  0    Dex: 15    Spells: 4 memorised, 11 levels left

rFire  . . .     SeeInvis .     q - +4 dagger
rCold  . . .     Clarity  .     a - +0 robe
rNeg   . . .     SustAt   .     (no shield)
rPois  .         Gourm    .     (no helmet)
rElec  .         Spirit   .     (no cloak)
rCorr  .         Warding  .     (no gloves)
rMut   .         Stasis   .     (no boots)
MR     .....                    (no amulet)
Stlth  ++........               (no ring)
                                s - +2 ring of evasion

@: not resistant to hostile enchantments, unstealthy
A: no striking features
a: Renounce Religion


You were on level 4 of the Dungeon.
You worshipped Vehumet.
Vehumet was noncommittal.
You were near starving.

You visited 2 branches of the dungeon, and saw 5 of its levels.
You also visited: Sewer.

You collected 190 gold pieces.

Inventory:

Hand Weapons
 p - a +0 dagger of chaos
 q - a +4 dagger (weapon)
 u - a +2 dagger of draining
 y - a +0 rapier
Armour
 a - a +0 robe (worn)
Jewellery
 s - a +2 ring of evasion (left hand)
Scrolls
 e - a scroll of fear {unknown}
 g - a scroll of recharging {unknown}
 h - 2 scrolls of blinking
 i - 2 scrolls of fog {unknown}
 k - 4 scrolls of remove curse
 l - 2 scrolls of teleportation {unknown}
 n - 2 scrolls of immolation {unknown}
 o - 2 scrolls of magic mapping {unknown}
 r - 6 scrolls of random uselessness {unknown}
Potions
 d - 3 potions of lignification
 j - 3 potions of degeneration
 v - a potion of mutation {unknown}
 w - 2 potions of brilliance
 x - a potion of curing {unknown}
 z - a potion of resistance {unknown}
 B - a potion of flight {unknown}
Books
 b - a book of Conjurations

   Spells                             Type                      Level
   a - Magic Dart                     Conjuration                  1
   b - Searing Ray                    Conjuration                  2
   c - Dazzling Spray                 Conjuration/Hexes            3
   d - Fulminant Prism                Conjuration/Hexes            4
   e - Iskenderun's Mystic Blast      Conjuration                  4
   f - Iskenderun's Battlesphere      Conjuration/Charms           5
Comestibles
 c - 3 bread rations
 f - 4 meat rations
 t - a fruit
 A - 2 slices of pizza


   Skills:
 - Level 2.5 Dodging
 - Level 2.4 Stealth
 - Level 8.0 Spellcasting
 + Level 4.9 Conjurations
 - Level 6.0 Charms


You had 11 spell levels left.
You knew the following spells:

 Your Spells              Type           Power        Failure   Level  Hunger
a - Magic Dart            Conj           ####         1%          1    None
b - Searing Ray           Conj           ####..       1%          2    None
c - Dazzling Spray        Conj/Hex       ###.....     12%         3    None
d - Iskenderun's Battles  Conj/Chrm      ####....     28%         5    #####..


Dungeon Overview and Level Annotations

Branches:
Dungeon (4/15)             Temple (1/1) D:4

Altars:
Ashenzari
Fedhas
Gozag
Kikubaaqudgha
Okawaru
Qazlal
Ru
Trog
Vehumet
Yredelemnul
Zin
The Shining One

Shops:
D:4 *


Message History

That snozzcumber tasted truly putrid!
Casting: Iskenderun's Battlesphere
Confirm with . or Enter, or press ? or * to list all spells.
You conjure a globe of magical energy.
You are near starving!
The iguana closely misses you.
Your magical contamination has completely faded away.
Casting: Iskenderun's Battlesphere
Confirm with . or Enter, or press ? or * to list all spells.
Aiming: Magic Dart
Press: ? - help, Shift-Dir - straight line, f - iguana
Aim: an iguana The magic dart hits the iguana.
The iguana bites you!
* * * LOW HITPOINT WARNING * * *
Your battlesphere fires!
The barrage of energy hits the iguana.
The iguana is almost dead.
You swap places.
The iguana bites you.
You die...

#.........# #.........#.
#.........# #....##...#.
#.........# #....#....#.
##)..##...# #....#...##.
#...###### #....#...##.
###...## #........##.
#......########.#......##.
#......##..*...........# .
#......##@.#####....######
#.......l..#.......#......
#..........#...#..........
######..####....###.......
###..#⌠.[#)##.⌠...<....
#....#...[.....#.......
#.####........#####..##
#.....#.......[)..#.##
##.#...+..._...'...'.#


You could see an iguana.

Vanquished Creatures
  An ogre (D:4)
  A crocodile (Sewer)
  A scorpion (D:4)
  An orc priest (D:4)
  4 orc wizards (D:4)
  Terence (D:3)
  A worker ant (D:4)
  2 gnolls
  5 adders
  2 oozes
  2 worms (D:2)
  An adder skeleton (D:4)
  4 giant geckos
  10 orcs (D:4)
  A ball python (D:1)
  3 bats
  4 giant cockroaches
  7 goblins
  8 hobgoblins
  2 jackals (Sewer)
  7 kobolds
  2 quokkas (D:2)
  3 giant newts
  A jackal skeleton (D:4)
  6 rats
80 creatures vanquished.

Notes
Turn   | Place    | Note
--------------------------------------------------------------
     0 | D:1      | tp1 the Deep Elf Conjurer began the quest for the Orb.
     0 | D:1      | Reached XP level 1. HP: 10/10 MP: 6/6
   187 | D:1      | Reached XP level 2. HP: 15/15 MP: 2/8
   753 | D:2      | Reached XP level 3. HP: 19/19 MP: 3/11
   757 | D:2      | Learned a level 2 spell: Searing Ray
   761 | D:2      | Learned a level 3 spell: Dazzling Spray
   874 | D:2      | Reached skill level 5 in Spellcasting
  1082 | D:2      | Found an iron altar of Okawaru.
  1266 | D:2      | Reached XP level 4. HP: 24/24 MP: 9/13
  1444 | D:2      | Reached skill level 6 in Spellcasting
  1759 | D:3      | Noticed Terence
  1771 | D:3      | Killed Terence
  2500 | D:4      | Found a glowing drain.
  2506 | D:4      | Reached XP level 5. HP: 28/28 MP: 6/16
  2511 | Sewer    | Entered a sewer
  2581 | Sewer    | Reached skill level 7 in Spellcasting
  2708 | D:4      | Reached skill level 8 in Spellcasting
  2716 | D:4      | Learned a level 5 spell: Iskenderun's Battlesphere
  2741 | D:4      | Noticed an ogre
  2749 | D:4      | Killed an ogre
  2749 | D:4      | Reached XP level 6. HP: 30/32 MP: 6/19
  2871 | D:4      | Found a shattered altar of Ashenzari.
  3022 | D:4      | Found a glowing silver altar of Zin.
  3025 | D:4      | Found Zin's Purification Station.
  3052 | D:4      | Reached skill level 5 in Charms
  3069 | D:4      | Found a staircase to the Ecumenical Temple.
  3088 | Temple   | Entered the Ecumenical Temple
  3127 | Temple   | Became a worshipper of Vehumet
  3285 | D:4      | Reached XP level 7. HP: 28/36 MP: 0/20
  3361 | D:4      | Slain by an iguana

Vault maps used:
D:1:      minmay_arrival_plants_in_alcoves
D:2:      tgw_xom, okawaru_trees_1
D:3:      first_bread, uniq_terence
D:4:      evilmike_ruin_ashenzari, zin_purify, minmay_temple_entry_overgrown,
          portal_sewer_entry_c
Temple:   circular_temple_12
Sewer:    sewer_the_crocodile

Action                   |  1- 3 |  4- 6 |  7- 9 || total
-------------------------+-------+-------+-------++-------
Melee: Dagger            |       |     1 |       ||     1
 Cast: Magic Dart        |    71 |    60 |     3 ||   134
       Searing Ray       |     3 |     9 |       ||    12
       Iskenderun's Batt |       |     6 |     1 ||     7
  Use: Scroll            |       |     5 |       ||     5
  Eat: Meat ration       |       |     1 |       ||     1
       Fruit             |       |     1 |     1 ||     2
       Chunk             |       |     1 |       ||     1
